 Dungeon Crawl Stone Soup version 0.32-a0-86-g8db1b9f803 (webtiles) character file.

Game seed: 7208399455666144880

9879 CougarLife the Summoner (level 11, -4/56 HPs)
             Began as a Felid Summoner on Feb 5, 2024.
             Was a Follower of Kikubaaqudgha.
             Killed by an exploding blazeheart core (42 damage)
             ... on level 10 of the Dungeon.
             The game lasted 00:42:55 (14475 turns).

CougarLife the Summoner (Felid Summoner)           Turns: 14475, Time: 00:42:56

Health: -4/56      AC:  2    Str:  4    XL:     11   Next: 28%
Magic:  19/24      EV: 37    Int: 22    God:    Kikubaaqudgha [*.....]
Gold:   592        SH:  0    Dex: 18    Spells: 12/26 levels left
                                        Lives:  0   Deaths: 4

rFire   . . .        (weapon unavailable)
rCold   + . .        (shield unavailable)
rNeg    . . .        (body armour unavailable)
rPois   .            (helmet unavailable)
rElec   .            (cloak unavailable)
rCorr   .            (gloves unavailable)
SInv    +            (boots unavailable)
Will    +....        z - amulet of the acrobat
Stlth   ++++         D - ring of protection from cold
HPRegen 0.29/turn    (no ring)
MPRegen 0.19/turn

%: acrobat
@: acrobatic, inugami summoned
A: very small, claws 1, fangs 3, see invisible, shaggy fur 2, stealthy paws, no
weapons or thrown items, no armour, multi-lived
a: Renounce Religion, Unearth Wretches


You were on level 10 of the Dungeon.
You worshipped Kikubaaqudgha.
Kikubaaqudgha was aware of your devotion.
You visited 2 branches of the dungeon, and saw 11 of its levels.
You also visited: Bailey.

You collected 592 gold pieces.

Inventory:

Jewellery
 c - a ring of ice
 p - an amulet of faith
 z - an amulet of the acrobat (around neck)
 D - a ring of protection from cold (left paw)
 I - an amulet of guardian spirit
 J - a ring of poison resistance
Wands
 q - a wand of light (10)
 s - a wand of flame (17)
 v - a wand of mindburst (30)
 C - a wand of iceblast (10)
Scrolls
 b - a scroll of teleportation
 d - 2 scrolls of immolation
 e - 5 scrolls of revelation
 g - a scroll of amnesia
 m - a scroll of torment {unknown}
 n - a scroll of blinking
 t - 4 scrolls of poison
 x - a scroll of fog {unknown}
 y - a scroll of enchant weapon {unknown}
 E - 2 scrolls of identify
 G - a scroll of brand weapon {unknown}
 H - a scroll of vulnerability {unknown}
Potions
 a - 2 potions of magic
 f - 3 potions of enlightenment {unknown}
 h - 3 potions of brilliance {unknown}
 i - 3 potions of mutation {unknown}
 j - 6 potions of heal wounds
 k - 9 potions of haste
 l - 2 potions of attraction {unknown}
 o - 4 potions of curing
 r - a potion of berserk rage {unknown}
 u - 3 potions of lignification {unknown}
 w - 4 potions of invisibility {unknown}
 A - a potion of might {unknown}
 B - a potion of cancellation {unknown}
 F - a potion of ambrosia {unknown}


   Skills:
 + Level 5.2 Fighting
 + Level 7.6 Dodging
 + Level 8.1 Stealth
 + Level 8.1 Spellcasting
 + Level 9.5 Summonings
 - Level 5.0 Fire Magic
 - Level 5.0 Air Magic
 - Level 5.0 Evocations


You had 12 spell levels left.
You knew the following spells:

 Your Spells              Type           Power      Damage    Failure   Level
a - Summon Small Mammal   Summ           100%       N/A       1%          1
b - Call Imp              Summ           100%       N/A       1%          2
c - Call Canine Familiar  Summ           50%        N/A       1%          3
d - Summon Blazeheart Go  Fire/Summ      40%        N/A       3%          4
e - Summon Lightning Spi  Summ/Air       40%        N/A       3%          4

Your spell library contained the following spells:

 Spells                   Type           Power      Damage    Failure   Level
 Shock                    Conj/Air       76%        1d7       2%          1
 Swiftness                Air            30%        N/A       2%          3
 Cigotuvi's Dreadful Rot  Necr/Alch/Air  32%        N/A       5%          2
 Volatile Blastmotes      Fire/Tloc      38%        2d13      8%          3
 Airstrike                Air            15%        2d(3-19)  10%         4
 Sublimation of Blood     Necr           8%         N/A       11%         2
 Fugue of the Fallen      Necr           8%         N/A       22%         3
 Vampiric Draining        Necr           8%         2d6       22%         3
 Fulminant Prism          Conj/Alch      4%         3d5       58%         4
 Iskenderun's Mystic Bla  Conj/Tloc      8%         2d4       58%         4
 Summon Hydra             Summ           25%        N/A       77%         7
 Orb of Destruction       Conj           4%         9d5       100%        7
 Spellforged Servitor     Conj/Summ      14%        N/A       100%        7


Dungeon Overview and Level Annotations

Branches:
Dungeon (10/15)            Temple (1/1) D:4            Lair (0/5) D:9
    Orc (0/2) D:10         Bailey (visited)

Altars:
Ashenzari
Cheibriados
Dithmenos
Elyvilon
Fedhas
Gozag
Hepliaklqana
Kikubaaqudgha
Makhleb
Okawaru
Qazlal
Ru
Sif Muna
Trog
Uskayaw
Vehumet
Wu Jian
Xom
Yredelemnul
Zin
The Shining One

Shops:
D:2 =   D:4 (   D:5 =   D:10 ?


Innate Abilities, Weirdness & Mutations

You have sharp claws.
You have razor-sharp teeth.
You have supernaturally acute eyesight. (SInv)
You are covered in thick fur. (AC +2)
Your paws help you pounce on unaware monsters.
You are incapable of wielding weapons or throwing items.
You cannot wear armour.
You gain extra lives every three experience levels.


Message History

The orc warrior throws a javelin.
The javelin barely misses your inugami. The javelin pierces through you!
There is a stone staircase leading up here.
The orc warrior throws a javelin.
The javelin misses your inugami. The javelin misses you.
Found Lecsuxa's Magic Scroll Shoppe.
Your blazeheart golem punches the orc warrior but does no damage.
Your inugami hits the orc warrior but does no damage.
The orc warrior misses you.
Your inugami hits the orc warrior but does no damage.
The orc warrior hits your blazeheart golem with a +0 short sword.
Your blazeheart golem misses the orc warrior.
The orc warrior barely misses your blazeheart golem.
Your inugami hits the orc warrior but does no damage.
You see here a +0 whip.
What are your orders? t - Meow!
Orders for allies: a - Attack new target. r - Retreat! s - Stop attacking. g - Guard the area. f - Follow me.
Anything else - Cancel.
Gang up on whom?
Press: ? - help, Dir - move target, f - orc warrior
Aim: an orc warrior, wielding a +0 short sword, wearing a +0 plate armour and quivering javelins (ally target) Attack!
The orc warrior hits your blazeheart golem with a +0 short sword!
Your blazeheart golem closely misses the orc warrior.
Your inugami hits the orc warrior.
The orc warrior hits your blazeheart golem with a +0 short sword!
Your inugami closely misses the orc warrior.
The orc warrior hits your blazeheart golem but does no damage.
Your blazeheart golem punches the orc warrior but does no damage.
Your blazeheart golem falls apart, revealing its core!
Your inugami hits the orc warrior but does no damage.
The orc warrior hits your blazeheart core with a +0 short sword!
Your blazeheart core explodes!
The fiery explosion engulfs you!!!
Ouch! That really hurt!
You die...
Kikubaaqudgha rasps: You have failed me!
Welcome... death!

.......# #.# .. .....
.......######.##.. .... .
.......#.......... # ...
.. ..............## ...
.. ...............## ....
....
................####.....
..#######.......☼.oh.....
..#ßgT.ß#........§#...≈≈≈
..#ogoo$###.....@## ....∩
..#.oo.K# ##..<..# .≈≈≈


###ooooo# ##..).## ... ..# ..$ß #.....# .. ..###'###.....)..... .
.(.oo..o....#........ ..#########.##....... #........... ........ <...........
.#...... You could see an orc warrior (ally target) and a friendly inugami
(summoned).

Vanquished Creatures
  Maurice (D:7)
  An unseen horror (D:9)
  2 trolls (D:9)
  A hornet (D:9)
  A wyvern (D:9)
  4 yaks (D:9)
  A steam dragon (D:7)
  Menkaure (D:5)
  A water moccasin (D:8)
  2 orc warriors
  Duvessa (D:4)
  A centaur (D:9)
  An ogre (D:4)
  2 kobold brigands (D:8)
  A gnoll sergeant (D:9)
  2 bullfrogs (D:9)
  3 wights
  A killer bee (D:8)
  A hound (D:5)
  An orc priest (D:9)
  4 orcs
  3 bats
  An endoplasm (D:2)
  A giant cockroach (D:1)
  3 goblins
  A hobgoblin (D:2)
  A ball python (D:2)
  3 rats (D:2)
46 creatures vanquished.

Vanquished Creatures (collateral kills)
  A gargoyle (D:10)
  Grinder (D:3)
  Sigmund (D:5)
  3 yaks (D:9)
  A wyvern (D:9)
  A steam dragon (D:7)
  2 basilisks (D:9)
  Edmund (D:4)
  2 acid dragons (D:9)
  4 water moccasins
  A black bear (D:7)
  4 orc warriors
  3 sky beasts
  4 centaurs
  A phantom (D:5)
  2 kobold brigands (D:10)
  4 bullfrogs
  Dowan (D:4)
  18 wights
  7 killer bees
  A howler monkey (D:9)
  3 bombardier beetles
  2 orc priests
  Crazy Yiuf (D:4)
  5 hounds
  2 jellies
  3 iguanas
  3 sleepcaps
  Ijyb (D:3)
  2 gnoll boudas (D:6)
  8 orc wizards
  Robin (D:4)
  25 gnolls
  9 adders
  A shadow imp (D:7)
  A nameless horror (D:10)
  2 ufetubi (D:6)
  A ribbon worm (D:4)
  3 dart slugs
  42 orcs
  4 bats
  4 endoplasms
  4 giant cockroaches
  17 goblins
  11 hobgoblins
  9 jackals
  3 quokkas
  8 ball pythons
  A frilled lizard (D:1)
  11 kobolds
250 creatures vanquished.

Vanquished Creatures (others)
  A troll (D:9)
  32 blazeheart cores
33 creatures vanquished.

Grand Total: 329 creatures vanquished

Notes
Turn   | Place    | Note
-------+----------+-------------------------------------------
     0 | D:1      | CougarLife the Felid Summoner began the quest for the Orb.
     0 | D:1      | Reached XP level 1. HP: 9/9 MP: 4/4
   262 | D:1      | Reached XP level 2. HP: 13/13 MP: 4/6
   329 | D:1      | Learned a level 2 spell: Call Imp
   791 | D:1      | Reached XP level 3. HP: 10/16 MP: 5/8
   821 | D:1      | Learned a level 3 spell: Call Canine Familiar
   864 | D:1      | Found a faded altar of an unknown god.
  1714 | D:2      | Reached XP level 4. HP: 17/21 MP: 4/9
  1714 | D:2      | Gained a life (2 lives remaining)
  1878 | D:2      | Found Kelurud's One-of-a-Kind Rings.
  2047 | D:3      | Reached skill level 5 in Summonings
  2215 | D:3      | Learned a level 4 spell: Summon Blazeheart Golem
  2436 | D:3      | Reached XP level 5. HP: 24/24 MP: 7/11
  2583 | D:3      | Noticed Grinder
  2783 | D:3      | Reached skill level 1 in Fire Magic
  3180 | D:3      | Paralysed by Grinder for 5 turns
  3191 | D:3      | HP: 1/24 [Grinder/nerve-wracking pain (13)]
  3202 | D:4      | Noticed Robin
  3207 | D:4      | HP: 1/24 [goblin/+0 dagger[Robin] (3)]
  3357 | D:3      | Killed Grinder
  3358 | D:3      | Gained mutation: You are covered in thick fur. (AC +2)
                  | [Felid growth]
  3358 | D:3      | Reached XP level 6. HP: 28/28 MP: 5/13
  3542 | D:3      | Noticed Ijyb
  3589 | D:3      | Killed Ijyb
  3766 | D:4      | Noticed Edmund
  4005 | D:4      | Reached XP level 7. HP: 32/32 MP: 8/14
  4068 | D:4      | Reached skill level 6 in Summonings
  4086 | D:4      | Noticed Duvessa
  4091 | D:4      | Noticed Dowan
  4101 | D:4      | Killed Dowan
  4105 | D:4      | Killed Duvessa
  4226 | D:4      | Found a staircase to the Ecumenical Temple.
  4242 | Temple   | Entered the Ecumenical Temple
  4338 | D:4      | Learned a level 4 spell: Summon Lightning Spire
  4513 | D:4      | Found Qetihego's Weapon Shop.
  4551 | D:4      | Found a runed translucent door.
  4552 | D:4      | Noticed Crazy Yiuf
  4817 | D:4      | Found a basalt altar of Yredelemnul.
  4818 | D:4      | Found a radiant altar of Vehumet.
  4899 | D:4      | Killed Crazy Yiuf
  4900 | D:4      | Reached skill level 5 in Spellcasting
  4995 | D:4      | Killed Edmund
  4996 | D:4      | Reached skill level 1 in Air Magic
  4996 | D:4      | Reached skill level 1 in Evocations
  4996 | D:4      | Reached XP level 8. HP: 36/36 MP: 4/16
  5247 | D:4      | Killed Robin
  5333 | D:5      | Entered Level 5 of the Dungeon
  5348 | D:5      | Found Weveny's Jewellery Shoppe.
  5367 | D:5      | Noticed Sigmund
  5379 | D:5      | Killed Sigmund
  5522 | D:5      | Noticed Menkaure
  5552 | D:5      | Killed Menkaure
  5553 | D:5      | Reached skill level 5 in Fire Magic
  5816 | D:5      | Reached skill level 7 in Summonings
  7523 | D:6      | Found an iron altar of Okawaru.
  7554 | D:6      | Reached XP level 9. HP: 39/39 MP: 10/19
  8276 | D:7      | Found a flagged portal.
  8292 | Bailey   | Entered a bailey
  8829 | Bailey   | Reached skill level 1 in Fighting
  9060 | D:7      | Noticed Maurice
  9072 | D:7      | Killed from afar by a steam dragon
  9072 | D:7      | Lost a life (1 life remaining)
  9090 | D:7      | Reached skill level 8 in Summonings
  9090 | D:7      | Reached skill level 5 in Evocations
  9275 | D:7      | HP: 2/41 [spore (39)]
  9275 | D:7      | Killed Maurice
  9690 | D:7      | Reached XP level 10. HP: 47/47 MP: 18/21
  9690 | D:7      | Gained a life (2 lives remaining)
 10137 | D:8      | Reached skill level 5 in Stealth
 10508 | D:8      | Reached skill level 5 in Dodging
 10954 | D:9      | Engulfed by a cloud of flame
 10954 | D:9      | Lost a life (1 life remaining)
 11325 | D:9      | Reached skill level 5 in Air Magic
 11600 | D:9      | HP: 2/49 [acid dragon/splash of acid (19)]
 11886 | D:9      | Found an ancient bone altar of Kikubaaqudgha.
 12336 | D:9      | Reached skill level 9 in Summonings
 12385 | D:9      | Became a worshipper of Kikubaaqudgha
 12422 | D:9      | Found a staircase to the Lair.
 12713 | D:9      | Reached XP level 11. HP: 47/54 MP: 17/23
 12713 | D:9      | Gained a life (2 lives remaining)
 12759 | D:9      | Found a shimmering altar of Xom.
 12868 | D:9      | Engulfed by a cloud of flame
 12868 | D:9      | Lost a life (1 life remaining)
 13052 | D:9      | Identified the +1 pair of gloves of Greed {+Inv Dex+4
                  | Slay+3}
 13437 | D:9      | Found a stormy altar of Qazlal.
 13685 | D:10     | Entered Level 10 of the Dungeon
 13700 | D:9      | Paralysed by a hornet for 2 turns
 13708 | D:9      | Killed by an exploding blazeheart core
 13708 | D:9      | Lost a life (0 lives remaining)
 13708 | D:9      | Reached * piety under Kikubaaqudgha
 13708 | D:9      | Received a gift from Kikubaaqudgha
 13761 | D:10     | Found a staircase to the Orcish Mines.
 13843 | D:9      | Reached skill level 5 in Fighting
 14466 | D:10     | Found Lecsuxa's Magic Scroll Shoppe.
 14475 | D:10     | Killed by an exploding blazeheart core

Illustrated notes

Levels and vault maps discovered:
D:1:      matt_arrival_refuge, layout_basic, shapermc_ecumenical_altar_pompeii
D:2:      layout_basic, nicolae_shop_unique_rings, interstate_on_off
D:3:      layout_loops_corners, uniq_grinder, uniq_ijyb
D:4:      layout_basic, minitemple, minmay_temple_entry_statues_pillars,
          serial_shops, shop, due_unseen_surprise, uniq_robin, uniq_duvessa,
          uniq_edmund, uniq_crazy_yiuf_cottage
D:5:      layout_basic, nicolae_stop_n_shop_1, uniq_sigmund, uniq_menkaure
D:6:      layout_cave_pods, lemuel_round_altar
D:7:      kennysheep_steamy, layout_rooms, enter_bailey_4, uniq_maurice
D:8:      layout_rooms, st_stairs_1
D:9:      layout_cave_pods, nicolae_qazlal_eye_of_the_storm,
          kiku_gazebo_garden_becter, xom_confusion_cloud,
          minmay_lair_entry_grove
D:10:     layout_cave_pools, nemelex_xobeh_ov_fountains_minmay,
          kennysheep_orc_monster_closet_entryway, serial_shops,
          nicolae_shop_peninsula
Temple:   nicolae_temple_bog_church

Skill      XL: |  1  2  3  4  5  6  7  8  9 10 11 |
---------------+----------------------------------+-----
Spellcasting   | 3 4 5 6 7 8 |  8.1
Summonings     | 5 6 7 8 9 |  9.5
Fire Magic     | 2 3 4 5 |  5.0
Air Magic      | 1 3 4 5 |  5.0
Evocations     | 1 3 5 |  5.0
Dodging        | 4 6 7 |  7.6
Stealth        | 4 7 8 |  8.1
Fighting       | 2 4 5 |  5.2

Action                     |  1- 3 |  4- 6 |  7- 9 | 10-12 || total
---------------------------+-------+-------+-------+-------++-------
  Melee: Unarmed           |    24 |    16 |    22 |     6 ||    68
         Bite              |     3 |     3 |     2 |     1 ||     9
         Punch             |       |     1 |       |     1 ||     2
   Cast: Summon Small Mamm |    14 |     2 |     3 |     1 ||    20
         Call Imp          |    10 |    16 |    19 |     2 ||    47
         Call Canine Famil |     4 |    26 |    54 |    40 ||   124
         Summon Blazeheart |       |     3 |    43 |    53 ||    99
         Summon Lightning  |       |       |     7 |    16 ||    23
  Evoke: Wand              |       |       |     3 |     3 ||     6
    Use: Scroll            |       |       |     8 |     4 ||    12
         Potion            |       |       |       |     3 ||     3
   Stab: Sleeping          |     2 |     1 |       |       ||     3
         Distracted        |       |       |     1 |       ||     1
 Armour: Skin              |    25 |    15 |    63 |    57 ||   160
  Dodge: Dodged            |    53 |    40 |   112 |   217 ||   422

Table legend: (Time is in decaauts)
 A = Elapsed time spent in this place.
 B = Non-inter-level travel time spent in this place.
 C = Inter-level travel time spent in this place.
 D = Time resting spent in this place.
 E = Time spent auto-exploring this place.
 F = Levels seen in this place.
 G = Mean time per level.
                   A        B        C        D        E       F      G
               +--------+--------+--------+--------+--------+-----+--------+
         Total |  14489 |  13834 |    655 |   4423 |   5125 |  12 | 1207.4 |
       Dungeon |  13822 |  13167 |    655 |   4095 |   5125 |  10 | 1382.2 |
        Temple |      1 |      1 |      0 |      0 |      0 |   1 |    1.0 |
        Bailey |    664 |    664 |      0 |    328 |      0 |   1 |  664.0 |
               +--------+--------+--------+--------+--------+-----+--------+

Top non-repeatable levels by time:
     D:9: 2926 daAuts
     D:3: 2001 daAuts
     D:6: 1723 daAuts
     D:7: 1391 daAuts
     D:4: 1381 daAuts
     D:1: 1165 daAuts
     D:8: 1082 daAuts
     D:5: 1020 daAuts
     D:2: 784 daAuts
  Bailey: 664 daAuts
    D:10: 345 daAuts
  Temple: 1 daAuts
